AoeStats
← 南瓜太郎

Arabia

504079215Analyzed
1v1 RM · 28d ago on Sep 3, 2026· 25m 33s· 2 players
Game mode
Random Map
Map size
Tiny (2 player)
Population
200
Speed
Normal
Resources
Standard
Victory
Conquest
Starting age
Dark Age
Ending age
Imperial Age
RankedLock teamsTeams togetherTeam positionsShared explorationLock speedFull tech treeHidden civsTurbo modeCheats
Victory
Defeat
🇨🇳 Tatars · China
1112
+17
🇬🇧 Wei · United Kingdom
1126
-17
Nagel
6:38 Loom
9:36 Feudal Age
10:24 Double-Bit Axe
18:01 Horse Collar
22:50 Castle Age
22:37 Wheelbarrow
22:08 Scale Barding Armor
22:14 Forging
25:37 Husbandry
南瓜太郎
6:04 Loom
9:19 Feudal Age
10:00 Double-Bit Axe
12:07 Scale Barding Armor
20:23 Castle Age
18:42 Fletching
19:32 Padded Archer Armor
20:59 Bodkin Arrow
21:14 Husbandry
Connection lost

Rejoining the realm…

Still unreachable

The connection could not be restored.

Session expired

The server has moved on; the page needs a fresh start.